 Dungeon Crawl Stone Soup version 0.31-a0-846-gb3bcc0d938 (webtiles) character file.

Game seed: 7540524806151018258

4586 kae the Severer (level 10, -1/91 HPs)
             Began as a Hill Orc Fighter on Oct 3, 2023.
             Was a Believer of Makhleb.
             Slain by an orc
             ... wielding a +0 trident
              (4 damage)
             ... on level 8 of the Dungeon.
             The game lasted 00:05:53 (6459 turns).

kae the Severer (Hill Orc Fighter)                  Turns: 6459, Time: 00:05:54

Health: -1/91      AC: 11    Str: 24    XL:     10   Next: 41%
Magic:  14/14      EV:  8    Int:  8    God:    Makhleb [**....]
Gold:   316        SH:  4    Dex: 10    Spells: 9/9 levels left

rFire   . . .        a - +1 war axe
rCold   . . .        c - +0 buckler
rNeg    + . .        n - +1 chain mail
rPois   .            (no helmet)
rElec   .            h - +0 cloak
rCorr   .            (no gloves)
SInv    .            (no boots)
Will    .....        g - amulet of regeneration Stlth
                     N - ring of positive energy
HPRegen 1.15/turn    (no ring)
MPRegen 0.14/turn

%: no passive effects
@: no status effects
A: no striking features
a: Renounce Religion, Convert to Beogh, Minor Destruction


You were on level 8 of the Dungeon.
You worshipped Makhleb.
Makhleb was pleased with you.
You visited 2 branches of the dungeon, and saw 9 of its levels.

You collected 316 gold pieces.


   Skills:
 + Level 9.0 Fighting
 - Level 16.0 Axes
 - Level 3.2 Armour
 - Level 3.2 Shields
 - Level 6.0 Invocations


You had 9 spell levels left.
You didn't know any spells.
Your spell library contained the following spells:

 Spells                   Type           Power      Damage    Failure   Level
 Ensorcelled Hibernation  Hex/Ice        0%         N/A       99%         2
 Jinxbite                 Hex            0%         N/A       99%         2
 Summon Guardian Golem    Hex/Summ       0%         N/A       100%        3
 Anguish                  Hex/Necr       0%         N/A       100%        4
 Orb of Destruction       Conj           0%         9d5       100%        7
 Spellforged Servitor     Conj/Summ      0%         N/A       100%        7

Inventory:

Hand Weapons
 a - a +1 war axe (weapon)
Missiles
 f - 49 stones
 v - 16 poisoned darts
 w - 6 boomerangs
 y - a curare-tipped dart {=f}
Armour
 b - a +0 scale mail
 c - a +0 buckler (worn)
 h - a +0 cloak (worn)
   (You found it on level 1 of the Dungeon)
 n - a +1 chain mail (worn)
   (You found it on level 1 of the Dungeon)
Magical Staves
 e - a staff of earth {!a}
   (You found it on level 6 of the Dungeon)
Jewellery
 g - an amulet of regeneration (around neck)
   (You found it on level 1 of the Dungeon)
 N - a ring of positive energy (left hand)
   (You found it on level 6 of the Dungeon)
Scrolls
 r - a scroll of teleportation {@r4}
 t - 2 scrolls of identify {@r1}
 u - a scroll of vulnerability {!r!r}
 x - a scroll of blinking {!r}
 z - a scroll of fear
Potions
 d - a potion of might
 i - a potion of attraction {!q}
 j - a potion of degeneration {!q}
 k - a potion of heal wounds {@q2}
 l - 2 potions of mutation {!q}
 m - 3 potions of brilliance
 o - 4 potions of magic
 p - a potion of enlightenment
 q - a potion of ambrosia
 s - 2 potions of curing {@q1}

Dungeon Overview and Level Annotations

Branches:
Dungeon (8/15) Zot: 26668  Temple (1/1) D:4 Zot: 5983    Lair (0/5) D:8

Altars:
Ashenzari
Cheibriados
Dithmenos
Elyvilon
Fedhas
Hepliaklqana
Kikubaaqudgha
Makhleb
Nemelex Xobeh
Ru
Sif Muna
Trog
Uskayaw
Vehumet
Wu Jian
Xom
Yredelemnul
Zin
The Shining One

Shops:
D:3 = D:5

: ....... .
......... ..##
.......... ....##
#.........
......##.........
.......#...[.....
.................
.>.....@o........
.......hoo....)..
......o#)).......
.
......##)).......#
..
....####.........#
...
#...............#
....
#####....?......#
#....
##.........##
#.... ##........#
.....


You could see a warg, an orc priest, an orc wizard and 2 orcs.


Message History

Unknown command.
The orc priest shouts, "Beogh is our master!
Accept the truth or die!"
You slash the orc!
You kill the orc!
Makhleb accepts your kill.
You hit the orc priest but do no damage.
You hit the orc wizard.
The orc priest shouts, "Join the one true god or die!"
The orc priest invokes the aid of Beogh against you.
Beogh smites you!
An orc comes into view. It is wielding a +0 trident.
The orc wizard casts a spell at you. The puff of flame hits you!
* * * LOW HITPOINT WARNING * * *
😨 HP[-16]
You take 16 damage, and now have 40/90 hp.
You slash the warg! You hit the orc wizard.
You slash the orc priest! 😨 HP[+1] Unknown command.
You barely miss the orc priest. You slash the orc wizard!
You kill the orc wizard!
Makhleb accepts your kill.
You feel better.
You barely miss the warg. The warg bites you but does no damage.
The orc priest threatens, "By the altar or by the axe, you will meet Beogh!"
The orc priest barely misses you. The orc barely misses you. 😨 HP[+3]
You regained 3 hp, and now have 44/90 hp.
You closely miss the warg. You barely miss the orc priest.
The warg completely misses you.
The orc priest hits you but does no damage.
The orc hits you but does no damage.
The orc priest invokes the aid of Beogh against you.
Beogh smites you!
* * * LOW HITPOINT WARNING * * *
😨 HP[-12]
You take 12 damage, and now have 32/90 hp.
You hit the warg. You closely miss the orc priest.
The warg barely misses you. 😨 HP[+1] Unknown command.
You closely miss the warg. You slash the orc priest!
You kill the orc priest!
Makhleb accepts your kill.
The orc wizard points at you and mumbles some strange words.
You easily resist.
The orc barely misses you. The warg bites you.
* * * LOW HITPOINT WARNING * * *
😨 HP[-4]
You take 4 damage, and now have 29/90 hp.
You slash the warg! The warg bites you!
* * * LOW HITPOINT WARNING * * *
The orc hits you but does no damage. 😱 HP[-7]
You take 7 damage, and now have 22/90 hp.
You slash the warg!
You kill the warg!
Makhleb accepts your kill.
You closely miss the orc wizard. You block the orc's attack.
The orc wizard closely misses you.
Your Fighting skill increases to level 9! 😨 HP[+1]
You now have 91 max hp (+1).
The orc hits you from afar with a +0 trident.
* * * LOW HITPOINT WARNING * * *
The orc wizard gestures at you while chanting.
The magic dart hits you!
* * * LOW HITPOINT WARNING * * *
Things that are here:
a +0 trident; a +0 leather armour; a warg corpse 😱 HP[-11]
You take 11 damage, and now have 12/91 hp.
Found a staircase to the Lair.
The orc wizard closely misses you.
The orc hits you but does no damage. 😱 HP[+1]
You slice the orc!!
You kill the orc!
Makhleb accepts your kill.
You feel better.
You closely miss the orc priest. You hit the orc wizard.
You closely miss the orc. You hit the warg. 😱 HP[+1]
The orc priest misses you. You block the orc's attack.
The orc attacks as it pursues you! The orc hits you but does no damage.
The warg bites you.
* * * LOW HITPOINT WARNING * * *
Things that are here:
a +0 flail; an orc corpse; 😱 HP[-1]
You take 1 damage, and now have 13/91 hp.
You slash the warg! You hit the orc priest. You closely miss the orc.
The warg bites you.
* * * LOW HITPOINT WARNING * * *
The orc priest hits you but does no damage.
The orc barely misses you. 😱 HP[-2]
You take 2 damage, and now have 11/91 hp.
You completely miss the orc wizard.
You hit the orc priest but do no damage.
You hit the warg. The warg bites you!
* * * LOW HITPOINT WARNING * * *
The orc priest hits you but does no damage.
The orc hits you from afar with a +0 trident.
You die...

Skill      XL: |  1  2  3  4  5  6  7  8  9 10 |
---------------+-------------------------------+-----
Axes           | 3 4 5 6 8 9 10 12 15 16 | 16.0
Fighting       | 4 6 9 |  9.0
Invocations    | 3 5 6 |  6.0
Armour         | |  3.2
Shields        | |  3.2

Action                     |  1- 3 |  4- 6 |  7- 9 | 10-12 || total
---------------------------+-------+-------+-------+-------++-------
  Melee: War axe           |    91 |   184 |   308 |    90 ||   673
 Invoke: Minor Destruction |       |       |     3 |       ||     3
    Use: Scroll            |       |    11 |     6 |     2 ||    19
         Potion            |       |       |     2 |       ||     2
 Armour: Scale mail        |    36 |       |       |       ||    36
         Chain mail        |    14 |   129 |   261 |    75 ||   479
  Dodge: Dodged            |    39 |    68 |    94 |    37 ||   238
  Block: Buckler           |    21 |    32 |    60 |    20 ||   133

Levels and vault maps discovered:
D:1:      co_arrival_square_in_a_square_in_a_square, layout_loops_corners
D:2:      layout_basic, minmay_snake_closets
D:3:      layout_basic, lemuel_doored_altar, shapermc_ecumenical_altar_ellora,
          serial_shops, nicolae_shop_window_shopping, minmay_door_square,
          uniq_terence
D:4:      layout_loops_ring, minmay_temple_entry_slanted
D:5:      layout_rooms, serial_shops, shop
D:6:      layout_gridville
D:7:      layout_loops_ring, uniq_maggie
D:8:      layout_cave_pods, erik_lair_orcish_takeover, solitary_fountain
Temple:   eino_narrow_crystal_temple

Notes
Turn   | Place    | Note
-------+----------+-------------------------------------------
     0 | D:1      | kae the Hill Orc Fighter began the quest for the Orb.
     0 | D:1      | Reached XP level 1. HP: 19/19 MP: 1/1
     0 | D:1      | magus.rc [v1.11.3]
    34 | D:1      | Reached skill level 3 in Axes
   161 | D:1      | Reached XP level 2. HP: 12/26 MP: 2/2
   320 | D:1      | Reached skill level 4 in Axes
   575 | D:1      | Reached XP level 3. HP: 30/31 MP: 3/3
   772 | D:1      | You pick up a book of Dangerous Friends and begin
                  | reading...
   772 | D:1      | You add the spells Summon Guardian Golem, Orb of
                  | Destruction and Spellforged Servitor to your library.
  1110 | D:2      | Reached skill level 5 in Axes
  1221 | D:2      | Reached XP level 4. HP: 39/39 MP: 4/4
  1376 | D:2      | Reached skill level 6 in Axes
  1778 | D:2      | Reached XP level 5. HP: 41/45 MP: 5/5
  1943 | D:2      | You pick up a book of Dreams and begin reading...
  1943 | D:2      | You add the spells Jinxbite, Ensorcelled Hibernation and
                  | Anguish to your library.
  2109 | D:3      | Noticed Terence
  2128 | D:3      | Killed Terence
  2129 | D:3      | Reached skill level 7 in Axes
  2186 | D:3      | Found Sywkapt's Jewellery Boutique.
  2297 | D:3      | Found an ornate altar of the Wu Jian Council.
  2355 | D:3      | Found a faded altar of an unknown god.
  2565 | D:3      | Reached skill level 8 in Axes
  2565 | D:3      | Reached XP level 6. HP: 51/51 MP: 6/6
  2879 | D:4      | Reached skill level 9 in Axes
  2901 | D:4      | Found a staircase to the Ecumenical Temple.
  2911 | Temple   | Entered the Ecumenical Temple
  2919 | Temple   | Became a worshipper of Makhleb the Destroyer
  3224 | D:4      | Reached XP level 7. HP: 47/58 MP: 7/7
  3382 | D:4      | Reached skill level 4 in Fighting
  3382 | D:4      | Reached skill level 1 in Invocations
  3390 | D:4      | Reached skill level 2 in Invocations
  3396 | D:4      | Reached skill level 10 in Axes
  3462 | D:5      | Entered Level 5 of the Dungeon
  3475 | D:5      | HP: 7/60 [ogre/+0 giant spiked club (13)]
  3543 | D:4      | Reached skill level 3 in Invocations
  3555 | D:4      | Reached XP level 8. HP: 59/67 MP: 10/10
  3573 | D:5      | Reached skill level 5 in Fighting
  3586 | D:5      | Reached * piety under Makhleb
  3627 | D:5      | Reached skill level 11 in Axes
  3627 | D:5      | Reached skill level 4 in Invocations
  3699 | D:5      | Found Ownorhiu's Book Boutique.
  4271 | D:6      | Reached skill level 6 in Fighting
  4271 | D:6      | Reached skill level 5 in Invocations
  4278 | D:6      | Reached skill level 12 in Axes
  4341 | D:6      | Identified the +8 falchion "Awkoe" {holy, Int+3 Dex-2
                  | Stlth+}
  4444 | D:6      | Reached XP level 9. HP: 75/75 MP: 13/13
  4480 | D:6      | Reached skill level 6 in Invocations
  4496 | D:6      | Reached ** piety under Makhleb
  4829 | D:7      | Noticed a troll
  4839 | D:7      | Killed a troll
  4840 | D:7      | Reached skill level 13 in Axes
  4854 | D:7      | HP: 12/75 [orc warrior/+0 long sword (14)]
  5105 | D:7      | Reached skill level 14 in Axes
  5185 | D:7      | Noticed Maggie
  5211 | D:7      | HP: 17/72 [Maggie/+2 glaive of draining (4)]
  5253 | D:7      | Noticed a hornet
  5270 | D:7      | Killed a hornet
  5435 | D:7      | Reached skill level 15 in Axes
  5489 | D:7      | HP: 18/75 [killer bee (6)]
  5491 | D:7      | HP: 8/75 [poisoned by a killer bee]
  5496 | D:7      | HP: 14/75 [killer bee (1)]
  5498 | D:7      | HP: 3/75 [killer bee (4)]
  5669 | D:7      | Reached XP level 10. HP: 67/81 MP: 14/14
  5680 | D:7      | Killed Maggie
  5681 | D:7      | Reached skill level 16 in Axes
  5743 | D:7      | Reached skill level 7 in Fighting
  6272 | D:8      | Reached skill level 8 in Fighting
  6452 | D:8      | HP: 22/90 [warg (8)]
  6454 | D:8      | Reached skill level 9 in Fighting
  6455 | D:8      | Found a staircase to the Lair.
  6457 | D:8      | HP: 13/91 [warg (3)]
  6459 | D:8      | HP: 3/91 [warg (9)]
  6459 | D:8      | Slain by an orc

Vanquished Creatures
  Maggie (D:7)
  A troll (D:7)
  A hornet (D:7)
  A wyvern (D:7)
  A steam dragon (D:7)
  2 wargs (D:8)
  An acid dragon (D:8)
  A water moccasin (D:7)
  5 black bears
  An ice beast (D:7)
  3 orc warriors
  2 ogres
  A sky beast (D:8)
  2 phantoms (D:6)
  A kobold brigand (D:7)
  3 bullfrogs
  A gnoll sergeant (D:4)
  3 scorpions
  4 wights (D:4)
  6 killer bees (D:7)
  A howler monkey (D:6)
  2 jellies
  A gnoll bouda (D:8)
  4 hounds
  6 orc priests
  A sleepcap (D:4)
  Terence (D:3)
  5 orc wizards
  9 gnolls
  17 adders
  2 white imps (D:7)
  2 ufetubi
  A worm (D:5)
  2 dart slugs
  28 orcs
  9 ball pythons
  12 endoplasms
  4 giant cockroaches (D:3)
  5 goblins
  7 hobgoblins
  5 jackals
  7 quokkas
  A bat (D:1)
  2 frilled lizards (D:2)
  11 kobolds
  5 rats
191 creatures vanquished.

Vanquished Creatures (others)
  An orc wizard (D:7)
1 creature vanquished.

Grand Total: 192 creatures vanquished

Table legend:
 A = Non-vault XP
 B = Vault XP
 C = Vault XP percentage of total XP
 D = Non-vault monster count
 E = Vault monster count
 F = Vault count percentage of total count
                 A         B        C        D         E       F
            +---------+---------+-------+---------+---------+-------
      Total |    5655 |     897 |  13.7 |     175 |      17 |   8.9
            +---------+---------+-------+---------+---------+-------
        D:1 |      44 |       0 |   0.0 |      25 |       0 |   0.0
        D:2 |      69 |      74 |  51.7 |      19 |      10 |  34.5
        D:3 |     123 |      36 |  22.6 |      23 |       1 |   4.2
        D:4 |     778 |       0 |   0.0 |      19 |       0 |   0.0
        D:5 |     684 |       0 |   0.0 |      24 |       0 |   0.0
        D:6 |     999 |       0 |   0.0 |      19 |       0 |   0.0
        D:7 |    2238 |     385 |  14.7 |      32 |       1 |   3.0
        D:8 |     720 |     402 |  35.8 |      14 |       5 |  26.3
            +---------+---------+-------+---------+---------+-------

Skill      XL: |  1  2  3  4  5  6  7  8  9 10 |
---------------+-------------------------------+-----
Axes           | 3 4 5 6 8 9 10 12 15 16 | 16.0
Fighting       | 4 6 9 |  9.0
Invocations    | 3 5 6 |  6.0
Armour         | |  3.2
Shields        | |  3.2

Action                     |  1- 3 |  4- 6 |  7- 9 | 10-12 || total
---------------------------+-------+-------+-------+-------++-------
  Melee: War axe           |    91 |   184 |   308 |    90 ||   673
 Invoke: Minor Destruction |       |       |     3 |       ||     3
    Use: Scroll            |       |    11 |     6 |     2 ||    19
         Potion            |       |       |     2 |       ||     2
 Armour: Scale mail        |    36 |       |       |       ||    36
         Chain mail        |    14 |   129 |   261 |    75 ||   479
  Dodge: Dodged            |    39 |    68 |    94 |    37 ||   238
  Block: Buckler           |    21 |    32 |    60 |    20 ||   133

Illustrated notes

Table legend:
 A = Kills in this place as a percentage of kills in the entire game.
 B = Kills by you in this place as a percentage of kills by you in the entire game.
 C = Kills by friends in this place as a percentage of kills by friends in the entire game.
 D = Other kills in this place as a percentage of other kills in the entire game.
 E = Experience gained in this place as a percentage of experience gained in the entire game.
 F = Experience gained in this place divided by the number of levels of this place that you have seen.
                   A       B       C       D       E      F
               +-------+-------+-------+-------+-------+----------------------
         Total | 100.0 | 100.0 |   N/A | 100.0 | 100.0 | 728.0
       Dungeon | 100.0 | 100.0 |   N/A | 100.0 | 100.0 | 819.0
               +-------+-------+-------+-------+-------+----------------------

Table legend: (Time is in decaauts)
 A = Elapsed time spent in this place.
 B = Non-inter-level travel time spent in this place.
 C = Inter-level travel time spent in this place.
 D = Time resting spent in this place.
 E = Time spent auto-exploring this place.
 F = Levels seen in this place.
 G = Mean time per level.
                   A        B        C        D        E       F      G
               +--------+--------+--------+--------+--------+-----+--------+
         Total |   6471 |   6134 |    337 |    413 |   4452 |   9 |  719.0 |
       Dungeon |   6454 |   6125 |    329 |    413 |   4452 |   8 |  806.8 |
        Temple |     16 |      8 |      8 |      0 |      0 |   1 |   16.0 |
               +--------+--------+--------+--------+--------+-----+--------+

Top non-repeatable levels by time:
     D:7: 1146 daAuts
     D:1: 1081 daAuts
     D:2: 974 daAuts
     D:6: 850 daAuts
     D:3: 768 daAuts
     D:4: 701 daAuts
     D:5: 599 daAuts
     D:8: 331 daAuts
  Temple: 16 daAuts
